 Dungeon Crawl Stone Soup version 0.27-a0-1147-gb3d8e82157 (webtiles) character file.

Game seed: 12287528207650612023

10 HoaS the Bolt Thrower (level 2, -3/17 HPs)
             Began as a Kobold Hunter on May 11, 2021.
             Killed from afar by a dart slug (6 damage)
             ... with a slug dart
             ... on level 1 of the Dungeon.
             The game lasted 00:01:51 (459 turns).

HoaS the Bolt Thrower (Kobold Hunter)                Turns: 459, Time: 00:01:52

Health: -3/17      AC:  3    Str:  9    XL:     2   Next: 30%
Magic:  2/2        EV: 14    Int: 12    God:
Gold:   20         SH:  0    Dex: 15    Spells: 1/1 levels left

rFire    . . .     SeeInvis .   b - +0 short sword
rCold    . . .     Faith    .   (shield restricted)
rNeg     . . .     Spirit   .   c - +0 leather armour
rPois    .         Reflect  .   (no helmet)
rElec    .         Harm     .   (no cloak)
rCorr    .         Rampage  .   (no gloves)
Will     .....                  (no boots)
Stlth    +++.......             (no amulet)
HPRegen  0.05/turn              (no ring)
MPRegen  0.08/turn              (no ring)

@: no status effects
A: small, no large weapons, nightstalker 3
a: no special abilities


You were on level 1 of the Dungeon.
You visited 1 branch of the dungeon, and saw 1 of its levels.

You collected 20 gold pieces.

Inventory:

Hand Weapons
 a - a +2 hand crossbow
 b - a +0 short sword (weapon)
Missiles
 d - 20 bolts
Armour
 c - a +0 leather armour (worn)
Potions
 e - a potion of berserk rage {unknown}
 g - a potion of curing {unknown}


   Skills:
 - Level 2.1 Fighting
 + Level 1.6 Short Blades
 + Level 5.1 Crossbows
 - Level 2.4 Dodging
 - Level 1.3 Stealth


You had one spell level left.
You didn't know any spells.
Your spell library was empty.

Dungeon Overview and Level Annotations

Branches:
Dungeon (1/15)

Altars:


Innate Abilities, Weirdness & Mutations

You are small and have problems with some larger weapons.
You are completely attuned to the shadows.


Message History

You closely miss the kobold. The kobold closely misses you.
You closely miss the kobold.
The kobold hits you with a +0 short sword.
You hit the kobold.
You kill the kobold!
The bat hits you.
* * * LOW HITPOINT WARNING * * *
A dart slug comes into view.
The bat barely misses you.
Things that are here:
a +0 short sword; 4 stones The bat closely misses you.
The bat barely misses you. The bat misses you. The bat closely misses you.
The bat misses you.
You completely miss the bat. The bat hits you but does no damage.
The bat barely misses you. The bat hits you but does no damage.
The dart slug bites you but does no damage.
You hit the dart slug.
The dart slug is moderately wounded.
The bat hits you.
* * * LOW HITPOINT WARNING * * *
The dart slug closely misses you.
You hit the dart slug but do no damage.
The dart slug is moderately wounded.
The bat closely misses you.
You hit the dart slug but do no damage.
The dart slug is moderately wounded.
The bat misses you. The dart slug completely misses you.
You hit the dart slug.
The dart slug is moderately wounded.
The bat hits you.
* * * LOW HITPOINT WARNING * * *
The dart slug closely misses you.
You hit the dart slug.
The dart slug is severely wounded.
The bat barely misses you. The dart slug launches a dart at you.
The slug dart hits you.
You die...

*,**,**,**,*,,,*
*,*,,,*,**,*********
*,,,,,,,,,,,**,,,,,,
####...##**,,**,***** ***
#........,*,,**,*****
,,**********#........,,,,,,,,,,,,
*,**,,,,,,,*#........,*,,**,*****
*,**,*,,,,,,....w..##************
,,,,,,,,,*,*###.@.b.+,,,≈≈≈≈≈,,,+
*,**,*****,* ##...##*,,*****,,**
*,**,*****,* #.###*,,**,>,**,,*
,,**,,,,,,,* ###.# **,,**,**,,*#
************ #...# *,........♣#
** ******* ###.##### *.♣.≈≈≈.♣.♣#
,* *,,,,,* #.......# *..≈≈8≈≈..♣#
,* *,,,,,**#.#.###.##*.♣.≈≈≈.♣.♣#
,* *,,,,,,...#......#*.........♣#


You could see a dart slug and a bat.

Vanquished Creatures
  A ball python (D:1)
  2 goblins (D:1)
  A hobgoblin (D:1)
  3 kobolds (D:1)
  A frilled lizard (D:1)
8 creatures vanquished.

Notes
Turn   | Place    | Note
-------+----------+-------------------------------------------
     0 | D:1      | HoaS the Kobold Hunter began the quest for the Orb.
     0 | D:1      | Reached XP level 1. HP: 12/12 MP: 1/1
    48 | D:1      | Reached skill level 1 in Short Blades
    48 | D:1      | Reached skill level 5 in Crossbows
   217 | D:1      | Reached XP level 2. HP: 17/17 MP: 2/2
   459 | D:1      | Killed from afar by a dart slug

Illustrated notes

Levels and vault maps discovered:
D:1:      tarquinn_simple_flora_water_b, layout_loops_cross, dk_noncrumbling_3,
          minmay_surrounded

Skill      XL: |  1 |
---------------+----+-----
Short Blades   | 1 |  1.6
Crossbows      | 5 |  5.1
Fighting       | |  2.1
Dodging        | |  2.4
Stealth        | |  1.3

Action                   || total
-------------------------++-------
Melee: Short sword       ||    36
  Use: Scroll            ||     3
 Stab: Sleeping          ||     3
Armor: Leather armour    ||     7
Dodge: Dodged            ||    29

Table legend: (Time is in decaauts)
 A = Elapsed time spent in this place.
 B = Non-inter-level travel time spent in this place.
 C = Inter-level travel time spent in this place.
 D = Time resting spent in this place.
 E = Time spent auto-exploring this place.
 F = Levels seen in this place.
 G = Mean time per level.
                   A        B        C        D        E       F      G
               +--------+--------+--------+--------+--------+-----+--------+
         Total |    460 |    460 |      0 |    162 |    221 |   1 |  460.0 |
       Dungeon |    460 |    460 |      0 |    162 |    221 |   1 |  460.0 |
               +--------+--------+--------+--------+--------+-----+--------+

Top non-repeatable levels by time:
     D:1: 460 daAuts
